 Dungeon Crawl Stone Soup version 0.16-a0-3552-ge2e736f (webtiles) character file.

147 Minkie the Chopper (level 5, 0/47 HPs)
             Began as a Hill Orc Gladiator on Jan 9, 2015.
             Slain by a gnoll
             ... wielding a cursed +0 flail
              (6 damage)
             ... on level 2 of the Dungeon.
             The game lasted 00:06:14 (1723 turns).

Minkie the Chopper (Hill Orc Gladiator)             Turns: 1723, Time: 00:06:14

Health: 0/47       AC:  9    Str: 18    XL:     5   Next: 29%
Magic:  5/5        EV:  7    Int: 13    God:
Gold:   59         SH:  0    Dex: 12    Spells: 0 memorised, 4 levels left

rFire  . . .     SeeInvis .     a - +0 war axe
rCold  . . .     Clarity  .     o - +0 chain mail
rNeg   + . .     SustAb   .     (no shield)
rPois  .         Gourm    .     c - +0 helmet
rElec  .         Spirit   .     (no cloak)
rCorr  .         Warding  .     (no gloves)
rMut   .         Stasis   .     (no boots)
MR     .....                    (no amulet)
Stlth  ..........               (no ring)
                                b - ring of positive energy

@: brilliant, not resistant to hostile enchantments, extremely unstealthy
A: no striking features
a: no special abilities


You were on level 2 of the Dungeon.
You were not hungry.

You visited 1 branch of the dungeon, and saw 2 of its levels.

You collected 59 gold pieces.

Inventory:

Hand weapons
 a - a +0 war axe (weapon)
Missiles
 d - 3 throwing nets (quivered)
 i - 29 arrows
 j - 20 bolts
Armour
 c - a +0 helmet (worn)
 o - a +0 chain mail (worn)
Jewellery
 b - a ring of positive energy (left hand)
Scrolls
 e - 2 scrolls of magic mapping {unknown}
 h - a scroll of enchant weapon {unknown}
 k - 3 scrolls of identify {unknown}
 l - a scroll of recharging {unknown}
 m - 2 scrolls of teleportation {unknown}
 p - a scroll of fog {unknown}
 q - a scroll of immolation {unknown}
Potions
 g - a potion of heal wounds {unknown}
 n - 2 potions of brilliance
 r - a potion of might {unknown}
Comestibles
 f - 2 meat rations
 s - a chunk of flesh


   Skills:
 + Level 4.8 Fighting
 + Level 6.0 Axes
 - Level 2.0 Throwing
 - Level 2.4 Dodging


You had 4 spell levels left.
You didn't know any spells.

Dungeon Overview and Level Annotations

Branches:
Dungeon (2/15)

Altars:
Fedhas
Gozag
Kikubaaqudgha
Nemelex Xobeh


Message History

The gnoll is heavily wounded.
You slash the gnoll!
You kill the gnoll!
Your Axes skill increases to level 6!
Your chain mail prevents you from hitting the gnoll.
The gnoll hits you with a flail!
You hit the gnoll but do no damage. The gnoll hits you with a flail!
* * * LOW HITPOINT WARNING * * *
You closely miss the gnoll. The gnoll hits you with a flail!
* * * LOW HITPOINT WARNING * * *
Some of the chunks of flesh in your inventory have rotted away.
Things that are here:
a spear; a robe; a gnoll corpse
Things that are here:
a club; a gnoll corpse Drink which item? (? for menu, Esc to quit)
It was a potion of brilliance.
You feel clever all of a sudden. The gnoll hits you with a flail.
You die...

#.# #.# #.# #.# ..# #.. ##
#.# #.# ....###..?. #.##.#
#.# .......(... #.#.##
#.#............. ##...###.#
.(....... #..#)...># .....
#.#...###########'###########
####.## #.....@g)r..........
# ##.## ##.#######.##.#####.
# #...# #.# #.# .. # ##..#
#.# #r# ## # ##.# #.# #.# #
#.# ##.## #.# # #.# #...# #.#
# #.####...######.# #
#.#.........r...#


You could see a gnoll and a rat.

Vanquished Creatures
  Ijyb (D:2)
  Jessica (D:2)
  3 gnolls (D:2)
  6 adders
  An orc (D:2)
  3 goblins
  A hobgoblin (D:1)
  4 jackals (D:1)
  2 giant geckos (D:2)
  3 giant newts
  4 kobolds
  7 rats
36 creatures vanquished.

Notes
Turn   | Place    | Note
--------------------------------------------------------------
     0 | D:1      | Minkie, the Hill Orc Gladiator, began the quest for the Orb.
     0 | D:1      | Reached XP level 1. HP: 18/18 MP: 1/1
   296 | D:1      | Reached XP level 2. HP: 13/25 MP: 2/2
   731 | D:1      | Reached XP level 3. HP: 28/31 MP: 3/3
   780 | D:2      | Reached skill level 5 in Axes
   904 | D:2      | Noticed Jessica
   908 | D:2      | Killed Jessica
   949 | D:2      | Reached XP level 4. HP: 19/40 MP: 4/4
   976 | D:2      | HP: 2/40 [poisoned by an adder]
  1354 | D:2      | Noticed Ijyb
  1374 | D:2      | Killed Ijyb
  1538 | D:2      | Reached XP level 5. HP: 45/47 MP: 5/5
  1578 | D:2      | Found a blossoming altar of Fedhas.
  1580 | D:2      | Found an ancient bone altar of Kikubaaqudgha.
  1583 | D:2      | Found a sparkling altar of Nemelex Xobeh.
  1583 | D:2      | Found an opulent altar of Gozag.
  1692 | D:2      | Reached skill level 6 in Axes
  1695 | D:2      | HP: 2/47 [gnoll/flail (8)]
  1723 | D:2      | Slain by a gnoll

Action                   |  1- 3 |  4- 6 || total
-------------------------+-------+-------++-------
Melee: War axe           |    75 |    68 ||   143
  Use: Potion            |       |     1 ||     1
  Eat: Chunk             |       |     3 ||     3
